 Dungeon Crawl Stone Soup version 0.20-a0-1122-gb7cbeb9 (webtiles) character file.

33118 4thArraOfDagon the Carver (level 14, -14/103 HPs)
             Began as a Human Artificer on May 10, 2017.
             Was a High Priest of Yredelemnul.
             Demolished by Donald
             ... wielding a +0 eveningstar of draining
              (25 damage)
             ... on level 2 of the Orcish Mines on May 11, 2017.
             The game lasted 01:18:38 (13598 turns).

4thArraOfDagon the Carver (Human Artificer)        Turns: 13598, Time: 01:18:38

Health: -14/103    AC: 24    Str: 15 (16) XL:     14   Next: 6%
Magic:  16/21      EV: 11    Int: 20      God:    Yredelemnul [*****.]
Gold:   570        SH:  0    Dex: 13      Spells: 10/13 levels left

rFire    + . .     SeeInvis .   T - +1 demon blade of Hesiot {vamp, *Slow +Blink rElec rC+++}
rCold    + + +     Gourm    .   (no shield)
rNeg     + . .     Faith    .   R - +1 chain mail {rPois}
rPois    +         Spirit   .   p - +1 helmet
rElec    +         Reflect  .   L - +0 cloak
rCorr    .         Harm     +   G - +1 pair of gloves
MR       +....                  u - +2 pair of boots {run}
Stlth    ..........             E - amulet of harm
Regen    0.0/turn               C - ring of positive energy
MPRegen  0.2/turn               U - ring of protection from fire

@: about to teleport, vulnerable, slowed, drained, very slow
A: fangs 1, icy blue scales 1, clever 2, deterioration 1, magic resistance 1,
mutation resistance 1, screaming 1, inhibited regeneration, strong 1, wild magic
1, MP-powered wands
a: Recall Undead Slaves, Injury Mirror, Animate Dead, Drain Life, Enslave Soul,
Renounce Religion, Evoke Blink


You were on level 2 of the Orcish Mines.
You worshipped Yredelemnul.
Yredelemnul was extremely pleased with you.
You were not hungry.

You visited 2 branches of the dungeon, and saw 17 of its levels.

You collected 996 gold pieces.
You spent 426 gold pieces at shops.

Inventory:

Hand Weapons
 M - a +2 long sword of slicing
 Q - a +1 scimitar of flaming
 T - the +1 demon blade of Hesiot (weapon) {vamp, *Slow +Blink rElec rC+++}
   (You bought it in a shop on level 5 of the Dungeon)

   It inflicts no extra harm, but heals its wielder when it wounds a living foe.
   It renders you almost immune to cold.
   It insulates you from electricity.
   It lets you blink.
   It may slow you when you take damage.
Armour
 p - a +1 helmet (worn)
 u - a +2 pair of boots of running (worn)
 G - a +1 pair of gloves (worn)
 L - a +0 cloak (worn)
 R - a +1 chain mail of poison resistance (worn)
 Z - a +0 pair of boots
Magical Staves
 I - an uncursed staff of summoning {unknown}
Jewellery
 g - an uncursed ring of teleportation
 C - a ring of positive energy (left hand)
 E - an amulet of harm (around neck)
 U - a ring of protection from fire (right hand)
 X - an uncursed ring of ice
Wands
 c - a wand of flame (0/48)
 d - a wand of enslavement (0/24)
 e - a wand of random effects (0/48)
 o - a wand of clouds (0/9)
 s - a wand of digging (5/24)
 w - a wand of polymorph (0/24)
 y - a wand of acid (0/15)
 B - a wand of iceblast (0/15)
 O - a wand of paralysis (2/24)
 S - a wand of paralysis (5/24)
Scrolls
 j - a scroll of amnesia
 t - a scroll of enchant armour
 v - 6 scrolls of remove curse
 x - 2 scrolls of enchant weapon
 z - 3 scrolls of immolation
 D - a scroll of magic mapping
 N - 2 scrolls of teleportation
 W - a scroll of recharging
Potions
 b - a potion of lignification {unknown}
 h - a potion of ambrosia {unknown}
 k - 2 potions of cancellation
 l - a potion of mutation {unknown}
 m - 2 potions of magic
 n - 3 potions of heal wounds
 q - 4 potions of brilliance
 r - 2 potions of invisibility
 A - 2 potions of berserk rage
 F - 2 potions of curing
 J - 5 potions of haste
 P - 3 potions of flight
 V - 2 potions of resistance
 Y - a potion of degeneration {unknown}
Miscellaneous
 H - a phial of floods (inert)
Comestibles
 f - 6 bread rations
 i - 5 meat rations


   Skills:
 + Level 7.1(6.4) Fighting
   Level 3.5(8.7) Short Blades
 * Level 13.3(12.6) Long Blades
 + Level 10.1(9.4) Armour
 + Level 10.2(9.4) Dodging
 - Level 1.0(0.4) Stealth
 + Level 10.3(9.6) Invocations
 - Level 3.0(2.3) Evocations


You had 10 spell levels left.
You knew the following spells:

 Your Spells              Type           Power        Failure   Level  Hunger
a - Blink                 Tloc           N/A          99%         2    ###....
b - Apportation           Tloc           #.....       96%         1    ##.....


Dungeon Overview and Level Annotations

Branches:
Dungeon (15/15)            Temple (0/1) D:7             Orc (2/2) D:10
    Elf (0/3) Orc:2
   Lair: D:8-11      Vaults: D:13-14     Depths: D:15

Altars:
Dithmenos
Elyvilon
Makhleb
Nemelex Xobeh
Sif Muna
Vehumet
Wu Jian
Yredelemnul
The Shining One

Shops:
D:5 ([:   D:12 *   D:13 *   D:14 %*(}(

Annotations:
D:4 4thArraOfDagon's ghost, weakling HuMo
D:8 LAIR, Erica
D:14 1 runed door
Orc:2 Donald


Innate Abilities, Weirdness & Mutations

You have very sharp teeth.
You are partially covered in icy blue scales. (AC +2)
Your mind is very acute. (Int +4)
Your body sometimes deteriorates upon taking damage.
You are resistant to hostile enchantments. (MR+)
You are somewhat resistant to further mutation.
You occasionally shout uncontrollably at your foes.
You do not regenerate when monsters are visible.
Your muscles are strong. (Str +2)
Your spells are a little harder to cast, but a little more powerful.
You expend magic power (3 MP) to strengthen your wands.


Message History

Donald says, "These orcs are so stupid, they must've eaten the rune."
Unknown command.
Evoke which item? (* to show all) (? for menu, Esc to quit)
Aiming: Paralyse
Press: ? - help, Shift-Dir - straight line, f/p - Donald
Aim: Donald, wielding an eveningstar of draining, wearing a plate armour and wearing a glowing shield (moderately wounded, fast, unusually strong, poisoned, susceptible to hostile enchantments, chance to defeat MR: 34%) Donald easily resists.
This wand has 5 charges left.
Donald says, "I'll never be able to carry all this gold!
I hate that."
Unknown command.
As you read the scroll of teleportation, it crumbles to dust.
You feel strangely unstable.
Donald hits you with an eveningstar of draining!!
* * * LOW HITPOINT WARNING * * *
Your body deteriorates!
You feel weakened. You partially resist.
You feel drained.
* * * LOW HITPOINT WARNING * * *
Donald says, "Angels painted black are so last century."
Donald hits you with an eveningstar of draining!!
You die...
Your body rises from the dead as a mindless zombie.

#....................
#....................
##...................
#....................
##...................
#....................
#....................
#....@...............
##...@.........#....
#..............#...
##...............
####...............
#.#................
##.##..##......#..
#.############## ##


You could see Donald.

Vanquished Creatures
  An ogre mage (D:15)
  Erolcha (D:11)
  3 centaur warriors (D:15)
  6 two-headed ogres
  Nergalle (D:10)
  3 unseen horrors
  2 orc knights (D:15)
  10 ugly things
  An orc sorcerer (Orc:1)
  5 cyclopes
  2 slime creatures
  A centaur zombie (D:15)
  Joseph (D:8)
  3 centaur skeletons
  5 gargoyles
  2 kobold demonologists
  An efreet (D:15)
  2 trolls
  A hornet (D:9)
  3 hippogriffs
  2 wyverns
  Sigmund (D:6)
  9 yaks
  Eustachio (D:6)
  A hungry ghost (D:14)
  3 vampire mosquitoes (D:15)
  A warg (D:10)
  Menkaure (D:6)
  Duvessa (D:6)
  An acid dragon (D:13)
  A water moccasin (D:6)
  11 orc warriors
  2 black bears
  3 ice beasts
  2 sky beasts
  2 necrophages
  7 killer bees
  11 centaurs
  3 ogres
  A big kobold (D:9)
  8 bullfrogs
  Dowan (D:6)
  A scorpion (D:14)
  8 wights
  9 howler monkeys
  3 bullfrog zombies
  4 crimson imps
  A jelly (D:13)
  2 hounds
  A bullfrog skeleton (D:13)
  9 orc priests
  3 iguanas
  Ijyb (D:5)
  7 worker ants
  Natasha (thrice) (D:3)
  11 orc wizards
  A worker ant zombie (D:6)
  13 adders
  2 shadow imps
  An ooze (D:3)
  4 dart slugs
  2 leopard geckos
  49 orcs
  2 ball pythons
  6 bats
  A giant cockroach (D:1)
  8 goblins
  11 hobgoblins
  7 jackals
  6 quokkas
  4 frilled lizards
  9 kobolds
  7 rats
323 creatures vanquished.

Vanquished Creatures (collateral kills)
  A catoblepas (D:13)
  A two-headed ogre (Orc:2)
  2 skeletal warriors
  A swamp dragon (shapeshifter) (D:13)
  3 ugly things
  A deep elf mage (D:12)
  Psyche (D:11)
  A komodo dragon (shapeshifter) (D:13)
  A polar bear (shapeshifter) (D:15)
  A slime creature (D:11)
  A vampire (D:11)
  An orc warrior (D:13)
  A necrophage (D:15)
  An eye of draining (D:13)
  A sky beast (D:15)
  A centaur (D:13)
  2 earth elementals (D:12)
  A killer bee (D:13)
  2 wights (D:12)
  2 howler monkeys (D:11)
  A crimson imp (D:15)
  A centaur zombie (D:11)
  A bullfrog skeleton (D:12)
  2 orc priests
  2 orc wizards
  2 worker ants
  A hound skeleton (D:11)
  6 orcs
  A goblin (D:2)
  A hobgoblin (D:3)
  A kobold (D:2)
  2 quokkas
  A frilled lizard (D:2)
48 creatures vanquished.

Vanquished Creatures (others)
  An ugly thing (D:12)
  12 flying skulls
  A wraith (D:15)
  2 two-headed ogre zombies
  A cyclops zombie (D:14)
  A killer bee (D:7)
  5 yak zombies
  A wight (D:12)
  3 centaur zombies (D:15)
  An orc priest (D:7)
  A jelly (D:5)
  A centaur skeleton (D:12)
  A black bear zombie (D:9)
  An ogre zombie (Orc:2)
  A worker ant zombie (D:11)
  9 orc zombies
  An orc (D:4)
  A plant (D:10)
44 creatures vanquished.

Grand Total: 415 creatures vanquished

Notes
Turn   | Place    | Note
-------+----------+-------------------------------------------
     0 | D:1      | 4thArraOfDagon the Human Artificer began the quest for the Orb.
     0 | D:1      | Reached XP level 1. HP: 15/15 MP: 3/3
    60 | D:1      | You fall through a shaft!
    80 | D:2      | Reached XP level 2. HP: 14/22 MP: 4/4
   413 | D:3      | Reached XP level 3. HP: 11/28 MP: 5/5
   573 | D:3      | Noticed Natasha
   575 | D:3      | Killed Natasha
   575 | D:3      | Reached XP level 4. HP: 20/35 MP: 6/6
   649 | D:3      | Noticed an ice beast
   743 | D:4      | Noticed a slave
   858 | D:4      | Noticed 4thArraOfDagon's ghost (weakling HuMo)
  1098 | D:5      | Entered Level 5 of the Dungeon
  1139 | D:5      | Found Utozeemiwo's Antique Weapon Shoppe.
  1163 | D:5      | Noticed Ijyb
  1200 | D:5      | Killed Ijyb
  1318 | D:5      | Found Quaziyf's Armour Shoppe.
  1324 | D:5      | Reached XP level 5. HP: 35/43 MP: 7/7
  1550 | D:6      | Noticed Dowan
  1551 | D:6      | Noticed Duvessa
  1609 | D:6      | Noticed Menkaure
  1610 | D:6      | Dirtsage: that was unlucky
  1610 | D:6      | 4thArraOfDagon: yea
  1610 | D:6      | 4thArraOfDagon: how do you enlarge screen on android
  1610 | D:6      | 4thArraOfDagon: with keyboard
  1610 | D:6      | 4thArraOfDagon: i have tried ctrl+ and ctrl - but doesnt work
  1610 | D:6      | Dirtsage: no idea :/
  1612 | D:6      | 4thArraOfDagon: ok
  1645 | D:5      | Noticed a sky beast
  1648 | D:5      | Dirtsage: try menu+i and menu+o
  1649 | D:5      | Dirtsage: googled it
  1665 | D:5      | 4thArraOfDagon: lets try
  1665 | D:5      | 4thArraOfDagon: where is menu ?
  1665 | D:5      | 4thArraOfDagon: windows button?
  1665 | D:5      | Dirtsage: dont know maybe
  1748 | D:5      | Killed a sky beast
  1748 | D:5      | Reached skill level 1 in Armour
  1748 | D:5      | Reached XP level 6. HP: 26/49 MP: 8/8
  1795 | D:4      | Found a basalt altar of Yredelemnul.
  1802 | D:4      | 4thArraOfDagon: yred
  1802 | D:4      | 4thArraOfDagon: hmm
  1805 | D:4      | Became a worshipper of Yredelemnul the Dark
  2282 | D:5      | Upgraded the game from 0.20-a0-1121-gbb42413 to 0.20-a0-1122-gb7cbeb9
  2326 | D:5      | Found Ruoxax's Book Shop.
  2422 | D:4      | Noticed a slave
  2471 | D:3      | Noticed Natasha
  2475 | D:3      | Killed Natasha
  2481 | D:3      | Noticed Natasha
  2486 | D:3      | Killed Natasha
  2723 | D:2      | Reached XP level 7. HP: 55/55 MP: 9/9
  3058 | D:1      | Reached * piety under Yredelemnul
  4265 | D:6      | Killed Menkaure
  4265 | D:6      | Reached skill level 1 in Invocations
  4351 | D:6      | Reached XP level 8. HP: 54/61 MP: 10/10
  4427 | D:6      | Learned a level 2 spell: Blink
  4434 | D:6      | Noticed Eustachio
  4453 | D:6      | Killed Eustachio
  4453 | D:6      | Reached skill level 1 in Long Blades
  4503 | D:6      | Noticed Sigmund
  4515 | D:6      | Killed Sigmund
  4515 | D:6      | Reached ** piety under Yredelemnul
  4515 | D:6      | Reached skill level 2 in Long Blades
  4548 | D:6      | Reached skill level 3 in Long Blades
  4649 | D:6      | Found a white marble altar of Elyvilon.
  4649 | D:6      | Found a deep blue altar of Sif Muna.
  4649 | D:6      | Found a burning altar of Makhleb.
  4649 | D:6      | Found a shadowy altar of Dithmenos.
  4667 | D:6      | Found a radiant altar of Vehumet.
  4667 | D:6      | Found an ornate altar of the Wu Jian Council.
  4920 | D:7      | Reached skill level 4 in Long Blades
  4920 | D:7      | Reached XP level 9. HP: 58/66 MP: 11/11
  5015 | D:7      | Reached skill level 5 in Dodging
  5044 | D:7      | Found a staircase to the Ecumenical Temple.
  5681 | D:7      | Reached skill level 5 in Long Blades
  5681 | D:7      | Reached skill level 5 in Armour
  5892 | D:8      | Found a sparkling altar of Nemelex Xobeh.
  5892 | D:8      | Found a glowing golden altar of the Shining One.
  5968 | D:8      | Noticed Joseph
  6242 | D:9      | Noticed a hippogriff
  6255 | D:9      | Killed a hippogriff
  6339 | D:9      | Reached skill level 6 in Long Blades
  6368 | D:9      | Noticed a hornet
  6370 | D:9      | Killed a hornet
  6439 | D:9      | Noticed a two-headed ogre
  6453 | D:9      | Killed a two-headed ogre
  6453 | D:9      | Reached skill level 7 in Long Blades
  6453 | D:9      | Reached skill level 5 in Invocations
  6453 | D:9      | Reached XP level 10. HP: 73/73 MP: 12/14
  6478 | D:9      | Noticed a purple ugly thing
  6581 | D:9      | Noticed a two-headed ogre
  6687 | D:10     | Entered Level 10 of the Dungeon
  6687 | D:10     | Noticed Nergalle
  6997 | D:9      | Reached *** piety under Yredelemnul
  7327 | D:10     | Noticed a spectral orc warlord
  7375 | D:11     | Reached skill level 8 in Long Blades
  7666 | D:5      | Bought a brightly glowing demon blade for 400 gold pieces
  7668 | D:5      | Identified the cursed +1 demon blade of Hesiot {vamp, *Slow +Blink rElec rC+++} (You bought it in a shop on level 5 of the Dungeon)
  7669 | D:5      | :(
  7747 | D:6      | Killed Duvessa
  7765 | D:6      | Killed Dowan
  7832 | D:8      | Paralysed by Joseph for 3 turns
  7841 | D:8      | Killed Joseph
  7890 | D:8      | Noticed Erica
  7974 | D:9      | Killed a purple ugly thing
  7977 | D:9      | Gained mutation: You expend magic power (3 MP) to strengthen your wands. [mutagenic meat]
  7978 | D:9      | Gained mutation: You have sharp toenails. [mutagenic meat]
  7979 | D:9      | Gained mutation: You are partially covered in icy blue scales. (AC +2) [mutagenic meat]
  8061 | D:11     | Noticed Erolcha
  8061 | D:11     | Noticed a two-headed ogre
  8139 | D:12     | Reached XP level 11. HP: 77/78 MP: 15/15
  8142 | D:12     | Found Meosaocw's Pet Rocks.
  8184 | D:12     | Reached skill level 9 in Long Blades
  8201 | D:12     | Received a gift from Yredelemnul (a wight)
  8233 | D:11     | Killed Erolcha
  8314 | D:11     | Killed a two-headed ogre
  8425 | D:11     | Killed an unseen horror
  8502 | D:11     | Gained mutation: Your body sometimes deteriorates upon taking damage. [mutagenic meat]
  8503 | D:11     | Lost mutation: Your body sometimes deteriorates upon taking damage. [mutagenic meat]
  8504 | D:11     | Gained mutation: You are weak. (Str -2) [mutagenic meat]
  8506 | D:11     | Gained mutation: You do not regenerate when monsters are visible. [mutagenic meat]
  8507 | D:11     | :(
  8802 | D:11     | Noticed a cyclops
  8816 | D:11     | Killed a cyclops
  8816 | D:11     | Reached **** piety under Yredelemnul
  8820 | D:11     | Received a gift from Yredelemnul (3 flying skulls)
  8825 | D:11     | Noticed a cyclops
  8836 | D:11     | Killed a cyclops
  8836 | D:11     | Reached skill level 10 in Long Blades
  8996 | D:12     | Noticed Psyche
  8996 | D:12     | Noticed a white ugly thing
  9202 | D:11     | Killed Psyche
  9253 | D:11     | Noticed a soul eater
  9314 | D:12     | Noticed a two-headed ogre
  9324 | D:12     | Killed a two-headed ogre
  9370 | D:12     | Reached XP level 12. HP: 53/84 MP: 18/18
  9401 | D:12     | Gained mutation: Your mind is acute. (Int +2) [mutagenic meat]
  9406 | D:12     | Gained mutation: You have very sharp teeth. [mutagenic meat]
  9407 | D:12     | Lost mutation: You are weak. (Str -2) [mutagenic meat]
  9408 | D:12     | Gained mutation: Your muscles are strong. (Str +2) [mutagenic meat]
  9414 | D:12     | Received a gift from Yredelemnul (5 flying skulls)
  9740 | D:13     | Noticed a catoblepas
  9750 | D:13     | Killed a catoblepas
  9750 | D:13     | Reached skill level 11 in Long Blades
 10138 | D:13     | Noticed a swamp dragon
 10146 | D:13     | Received a gift from Yredelemnul (4 flying skulls)
 10155 | D:13     | Killed a swamp dragon
 10158 | D:13     | Gained mutation: You occasionally shout uncontrollably at your foes. [mutagenic meat]
 10316 | D:13     | Gained mutation: You are somewhat resistant to further mutation. [mutagenic meat]
 10431 | D:13     | Found Rusad's General Store.
 10431 | D:13     | Noticed a skeletal warrior
 10431 | D:13     | Noticed a skeletal warrior
 10431 | D:13     | Noticed a skeletal warrior
 10453 | D:13     | Killed a skeletal warrior
 10675 | D:14     | Found Wihauphe's Assorted Antiques.
 10678 | D:14     | Bought a scroll labeled PAENU DOKISUO for 26 gold pieces
 10700 | D:14     | Found Cuup's Antique Weapon Shop.
 10710 | D:14     | Found Efitiy's Gadget Emporium.
 10720 | D:14     | Found Haur's Antique Weapon Shoppe.
 10733 | D:14     | Noticed a skeletal warrior
 10897 | D:14     | Reached ***** piety under Yredelemnul
 11029 | D:14     | Found a runed door.
 11029 | D:14     | Noticed a sphinx
 11029 | D:14     | Noticed a sphinx
 11029 | D:14     | Noticed a tengu reaver
 11031 | D:14     | Noticed a deep troll earth mage
 11031 | D:14     | Noticed an ettin
 11031 | D:14     | Noticed an ettin
 11031 | D:14     | Noticed a fire dragon
 11129 | D:14     | Reached skill level 5 in Fighting
 11249 | D:15     | Entered Level 15 of the Dungeon
 11329 | D:15     | Noticed a centaur warrior
 11347 | D:15     | Killed a centaur warrior
 11399 | D:15     | Reached XP level 13. HP: 91/91 MP: 19/19
 11419 | D:15     | Reached skill level 12 in Long Blades
 11493 | D:15     | Gained mutation: Your body sometimes deteriorates upon taking damage. [mutagenic meat]
 11518 | D:15     | Noticed a centaur warrior
 11534 | D:15     | Killed a centaur warrior
 11636 | D:15     | Received a gift from Yredelemnul (a wraith)
 11646 | D:15     | Lost mutation: You have sharp toenails. [mutagenic meat]
 11660 | D:15     | Gained mutation: Your magical capacity is low. (-10% MP) [mutagenic meat]
 11664 | D:15     | Lost mutation: Your magical capacity is low. (-10% MP) [mutagenic meat]
 11666 | D:15     | Gained mutation: Your mind is very acute. (Int +4) [mutagenic meat]
 11737 | D:15     | Gained mutation: You are resistant to hostile enchantments. (MR+) [mutagenic meat]
 11740 | D:15     | Gained mutation: Your spells are a little harder to cast, but a little more powerful. [mutagenic meat]
 12000 | D:15     | Learned a level 1 spell: Apportation
 12209 | D:15     | Noticed a centaur warrior
 12215 | D:15     | HP: 1/94 [cyclops (22)]
 12227 | D:15     | Killed a centaur warrior
 12227 | D:15     | Reached skill level 10 in Invocations
 12238 | D:15     | Noticed a fire dragon
 12553 | D:15     | Noticed an ogre mage
 12557 | D:15     | Paralysed by an ogre mage for 6 turns
 12584 | D:15     | Killed an ogre mage
 12584 | D:15     | Reached skill level 10 in Dodging
 12699 | D:14     | Found Poan's Food Boutique.
 12756 | D:14     | Reached skill level 13 in Long Blades
 12921 | D:14     | Identified a +2 pair of boots of running (You found it on level 14 of the Dungeon)
 12926 | D:14     | Reached skill level 10 in Armour
 13238 | D:10     | Killed Nergalle
 13263 | D:10     | Found a staircase to the Orcish Mines.
 13274 | Orc:1    | Entered Level 1 of the Orcish Mines
 13316 | Orc:1    | Received a gift from Yredelemnul (a wight)
 13339 | Orc:1    | Reached XP level 14. HP: 66/103 MP: 21/21
 13424 | Orc:2    | Entered Level 2 of the Orcish Mines
 13475 | Orc:2    | Found a staircase to the Elven Halls.
 13542 | Orc:2    | Noticed Donald
 13598 | Orc:2    | Demolished by Donald

Vault maps used:
D:1:      roderic_dead_forest
D:3:      st_stairs_6, uniq_natasha
D:4:      nicolae_overflow_hidden_temple, first_bread, uniq_pikel
D:5:      serial_shops, kennysheep_little_box, shop_fountains,
          kennysheep_mini_moat, uniq_ijyb
D:6:      minmay_overflow_temple_hex, uniq_eustachio, uniq_menkaure,
          uniq_sigmund, uniq_duvessa
D:7:      minmay_temple_entry_glass
D:8:      amethyst_overflow_temple_binary, erik_lair_dragon, uniq_joseph,
          uniq_erica
D:10:     david_orc_4, serial_shops, shop, hangedman_ranch, uniq_nergalle
D:11:     feat_on_display, uniq_erolcha
D:12:     guppyfry_shop_earth, uniq_psyche
D:13:     hangedman_vaults_entry_quadrant_bands, serial_shops,
          nicolae_shop_stone
D:14:     minmay_gate_of_8, serial_shops,
          nicolae_shop_competitors_out_of_business, shop, kennysheep_mini,
          nicolae_shop_crystal, shop, nicolae_wwwww
D:15:     grunt_enter_depths_hoard, serial_park_gazebo
Orc:1:    basic_altar
Orc:2:    pf_orc_diabolical, uniq_donald

Skill      XL: |  1  2  3  4  5  6  7  8  9 10 11 12 13 |
---------------+----------------------------------------+-----
Fighting       | 2 3 4 5 7 |  7.1
Short Blades   | 2 3 |  3.5
Armour         | 1 2 3 4 5 6 8 9 10 | 10.1
Dodging        | 3 4 6 7 8 9 10 | 10.2
Invocations    | 1 3 5 6 8 9 10 | 10.3
Long Blades    | 4 7 8 10 11 13 | 13.3
Stealth        | |  1.0
Evocations     | |  3.0

Action                   |  1- 3 |  4- 6 |  7- 9 | 10-12 | 13-15 || total
-------------------------+-------+-------+-------+-------+-------++-------
Melee: Short sword       |    27 |    79 |   197 |       |       ||   303
       Mace              |       |    44 |    41 |       |       ||    85
       Falchion          |       |       |     3 |       |       ||     3
       Rapier            |       |       |   229 |    86 |       ||   315
       Demon blade       |       |       |       |   517 |   476 ||   993
       Long sword        |       |       |       |    60 |       ||    60
       Kick              |       |       |       |    70 |       ||    70
       Bite              |       |       |       |    42 |    48 ||    90
Throw: Throwing net      |       |       |       |     2 |       ||     2
Invok: Animate Remains   |       |       |       |     2 |       ||     2
       Animate Dead      |       |       |       |    12 |     6 ||    18
       Recall Undead Sla |       |       |       |     5 |     1 ||     6
       Injury Mirror     |       |       |       |     1 |       ||     1
       Drain Life        |       |       |       |     1 |     7 ||     8
Evoke: Wand              |    13 |    20 |    21 |    17 |    11 ||    82
       Phial of floods   |       |       |       |       |     1 ||     1
  Use: Potion            |     1 |       |       |     3 |     1 ||     5
       Scroll            |       |     5 |    11 |    12 |     7 ||    35
 Stab: Sleeping          |     1 |       |       |       |       ||     1
       Confused          |       |       |     1 |       |       ||     1
       Held in net/web   |       |       |       |     1 |       ||     1
       Paralysed         |       |       |       |    19 |       ||    19
       Distracted        |       |       |       |     4 |     5 ||     9
  Eat: Chunk             |       |     4 |    10 |    36 |    25 ||    75
       Fruit             |       |     2 |       |       |     5 ||     7
       Royal jelly       |       |       |     1 |     2 |     2 ||     5
       Meat ration       |       |       |     1 |       |     1 ||     2
       Bread ration      |       |       |       |     1 |       ||     1
Armor: Leather armour    |     4 |    20 |       |       |       ||    24
       Skin              |       |    10 |       |       |       ||    10
       Scale mail        |       |    41 |   163 |       |       ||   204
       Chain mail        |       |       |    53 |   391 |   223 ||   667
Dodge: Dodged            |    11 |    78 |   250 |   222 |   165 ||   726
       Rpst.: Falchion   |       |       |     1 |       |       ||     1
       Demon blade       |       |       |       |    58 |    49 ||   107
       Long sword        |       |       |       |     8 |       ||     8
